 Dungeon Crawl Stone Soup version 0.31-a0-267-g3fc6992b3b (webtiles) character file.

Game seed: 11167589906748244059

6104 qw the Skirmisher (level 10, -3/91 HPs)
             Began as a Minotaur Hexslinger on July 13, 2023.
             Was a Believer of Okawaru.
             Slain by a yak (13 damage)
             ... on level 9 of the Dungeon.
             The game lasted 00:03:51 (7837 turns).

qw the Skirmisher (Minotaur Hexslinger)             Turns: 7837, Time: 00:03:52

Health: -3/91      AC: 11    Str: 12 (13) XL:     10   Next: 58%
Magic:  11/12      EV: 15    Int:  9 (10) God:    Okawaru [**....]
Gold:   487        SH:  0    Dex: 14 (17) Spells: 10/11 levels left

rFire   . . .        Y - +0 orcbow
rCold   . . .        (shield currently unavailable)
rNeg    . . .        a - +0 ring mail {rPois}
rPois   +            (helmet restricted)
rElec   .            g - +0 cloak
rCorr   .            h - +2 pair of gloves
SInv    .            (no boots)
Will    .....        j - amulet of faith
Stlth   ++           (no ring)
HPRegen 0.35/turn    (no ring)
MPRegen 0.13/turn

%: faith
@: about to teleport, heroic
A: horns 2, retaliatory headbutt
a: Renounce Religion, Heroism


You were on level 9 of the Dungeon.
You worshipped Okawaru.
Okawaru was pleased with you.
You visited 2 branches of the dungeon, and saw 10 of its levels.

You collected 487 gold pieces.


Innate Abilities, Weirdness & Mutations

You have a pair of horns on your head.
You reflexively headbutt those who attack you in melee.


   Skills:
 - Level 9.0(14.0) Fighting
 + Level 13.6(18.6) Ranged Weapons
 - Level 4.1(9.1) Armour
 - Level 5.1(10.1) Dodging
 - Level 1.0 Spellcasting
 - Level 2.0 Hexes
 - Level 4.0 Invocations


You had 10 spell levels left.
You knew the following spells:

 Your Spells              Type           Power      Damage    Failure   Level
a - Slow                  Hex            16%        N/A       30%         1

Your spell library contained the following spells:

 Spells                   Type           Power      Damage    Failure   Level
 Inner Flame              Hex/Fire       2%         N/A       80%         3
 Portal Projectile        Hex/Tloc       4%         N/A       80%         3
 Cause Fear               Hex            2%         N/A       97%         4

Inventory:

Hand Weapons
 Y - a +0 orcbow (weapon)
Armour
 a - a +0 ring mail of poison resistance (worn)
 g - a +0 cloak (worn)
 h - a +2 pair of gloves (worn)
 m - +0 acid dragon scales
 o - +0 steam dragon scales
 q - a +3 leather armour
Jewellery
 e - a ring of ice
 j - an amulet of faith (around neck)
Scrolls
 b - a scroll of teleportation
 f - 2 scrolls of identify
 p - a scroll of immolation {unknown}
Potions
 c - 3 potions of might
 d - a potion of enlightenment
 i - a potion of mutation
 k - 2 potions of haste
 l - a potion of magic {unknown}
 n - a potion of ambrosia {unknown}

Dungeon Overview and Level Annotations

Branches:
Dungeon (9/15)             Temple (1/1) D:6
   Lair: D:8-11         Orc: D:9-12

Altars:
Ashenzari
Cheibriados
Dithmenos
Elyvilon
Fedhas
Gozag
Hepliaklqana
Kikubaaqudgha
Makhleb
Nemelex Xobeh
Okawaru
Qazlal
Ru
Sif Muna
Trog
Uskayaw
Vehumet
Wu Jian
Xom
Yredelemnul
Zin
The Shining One

Shops:
D:2 [

Annotations:
D:9 1 runed translucent door


Message History

The arrow hits the yak but does no damage.
The yak is lightly wounded.
The yak closely misses you. The yak gores you but does no damage.
The yak barely misses you.
You shoot an arrow. The arrow hits the yak!
The yak is heavily wounded.
You shoot an arrow.
The arrow hits the yak but does no damage.
The yak is heavily wounded.
The yak gores you but does no damage. The yak gores you!
The yak closely misses you. You furiously retaliate!
You headbutt the yak! You shoot an arrow. The arrow hits the yak!
The yak is severely wounded.
The yak closely misses you. x2; The yak gores you.
You shoot an arrow. The arrow hits the yak.
The yak is almost dead.
The yak gores you. The yak barely misses you. The yak closely misses you.
You furiously retaliate!
You headbutt the yak! You shoot an arrow. The arrow hits the yak!!
You kill the yak!
Okawaru accepts your kill. The yak misses you.
The yak gores you but does no damage.
You shoot an arrow.
The arrow hits the yak but does no damage.
The yak is moderately wounded.
You shoot an arrow. The arrow hits the yak.
The yak is moderately wounded.
The yak gores you! The yak closely misses you. You furiously retaliate!
You headbutt the yak! The yak misses you.
You shoot an arrow. The arrow barely misses the yak.
The yak gores you but does no damage. The yak gores you.
The yak gores you but does no damage.
You shoot an arrow. The arrow closely misses the yak.
The yak closely misses you. The yak gores you! The yak gores you.
7837 ||| READING 2 scrolls of teleportation.
As you read the scroll of teleportation, it crumbles to dust.
You feel strangely unstable. The yak closely misses you.
You furiously retaliate!
You headbutt the yak! The yak gores you! x2
You die...

...# #..## ##...# ..
.... ##.###...
.......Y#####..
#....YYY.........
..... #@# #.# #.##.
##'## #.# #.##.
##...## #.# #.##.
##.....## #.###.##.
#.......## #........
#.........####%.......
+.........'|.........<
#.........####...#.##.
##.......## ##..#.##.


You could see 4 yaks.

Vanquished Creatures
  Pikel (D:7)
  Prince Ribbit (D:8)
  2 wyverns
  2 yaks (D:9)
  Eustachio (D:4)
  4 steam dragons
  2 water moccasins
  Duvessa (D:4)
  3 orc warriors
  2 sky beasts
  4 ice beasts
  An ogre (D:6)
  A black bear (D:5)
  2 centaurs (D:6)
  A phantom (D:6)
  Blork the orc (D:6)
  4 bullfrogs
  2 kobold brigands (D:8)
  A scorpion (D:7)
  A gnoll sergeant (D:6)
  12 wights
  Dowan (D:4)
  4 killer bees (D:8)
  4 howler monkeys (D:9)
  5 orc priests
  3 jellies
  A gnoll bouda (D:7)
  5 hounds
  2 iguanas (D:5)
  10 orc wizards
  Natasha (thrice) (D:4)
  10 gnolls
  3 adders
  2 shadow imps
  A white imp (D:6)
  2 ufetubi (D:5)
  A worm (D:5)
  4 dart slugs
  31 orcs
  5 ball pythons
  4 bats (D:1)
  12 endoplasms
  3 giant cockroaches
  9 goblins
  5 hobgoblins
  4 jackals (D:4)
  28 kobolds
  3 quokkas
  6 frilled lizards
  3 rats
223 creatures vanquished.

Vanquished Creatures (others)
  2 wights (D:9)
2 creatures vanquished.

Grand Total: 225 creatures vanquished

Notes
Turn   | Place    | Note
-------+----------+-------------------------------------------
     0 | D:1      | qw the Minotaur Hexslinger began the quest for the Orb.
     0 | D:1      | Reached XP level 1. HP: 16/16 MP: 1/1
     0 | D:1      | 0 ||| qw: Version: 0.3-a-52-g30416fa
     0 | D:1      | 0 ||| qw: Game counter: 7701
     0 | D:1      | 0 ||| qw: Melee chars always use a shield: true
     0 | D:1      | 0 ||| qw: God list: Okawaru
     0 | D:1      | 0 ||| qw: Allow faded altars: false
     0 | D:1      | 0 ||| qw: Do Orc after clearing Dungeon:15 true
     0 | D:1      | 0 ||| qw: Do second Lair branch before Depths: true
     0 | D:1      | 0 ||| qw: Lair rune preference: random
     0 | D:1      | 0 ||| qw: Goals: Normal
     0 | D:1      | 0 ||| PLANNING D:1-11
    38 | D:1      | Reached skill level 3 in Ranged Weapons
    38 | D:1      | Reached XP level 2. HP: 23/23 MP: 2/2
   210 | D:1      | Reached XP level 3. HP: 24/29 MP: 3/3
   433 | D:1      | 433 ||| UPGRADING to +2 pair of gloves.
   438 | D:1      | 438 ||| UPGRADING to +0 leather armour.
   448 | D:1      | 448 ||| DROPPING +0 robe.
   449 | D:1      | 449 ||| READING scroll labelled YHUUTI ERASALO.
   450 | D:1      | 450 ||| READING 2 scrolls labelled IZETEFF SETRYM.
   451 | D:1      | 451 ||| DROPPING scroll of poison.
   658 | D:2      | Reached skill level 4 in Ranged Weapons
   780 | D:2      | Found Iguukal's Armour Shop.
  1048 | D:2      | 1048 ||| DROPPING ring of flight.
  1049 | D:2      | 1049 ||| READING 4 scrolls labelled XYZU RONNAOZXAUQO.
  1053 | D:2      | 1053 ||| READING 2 scrolls of identify.
  1053 | D:2      | 1053 ||| IDENTIFYING grey potion
  1153 | D:3      | Reached XP level 4. HP: 36/36 MP: 4/4
  1188 | D:3      | Reached skill level 5 in Ranged Weapons
  1219 | D:3      | 1219 ||| FLEEEEING.
  1222 | D:3      | 1222 ||| FLEEEEING.
  1223 | D:3      | 1223 ||| FLEEEEING.
  1224 | D:3      | 1224 ||| FLEEEEING.
  1225 | D:3      | 1225 ||| FLEEEEING.
  1229 | D:3      | 1229 ||| FLEEEEING.
  1240 | D:3      | Reached skill level 3 in Fighting
  1350 | D:3      | Reached XP level 5. HP: 45/45 MP: 5/5
  1395 | D:3      | Found a radiant altar of Vehumet.
  1788 | D:3      | 1788 ||| UPGRADING to +0 acid dragon scales.
  1798 | D:3      | 1798 ||| DROPPING +0 leather armour.
  1799 | D:3      | 1799 ||| READING scroll labelled BOGAXTOGIQ.
  1800 | D:3      | 1800 ||| READING scroll labelled PAGACRATE.
  1801 | D:3      | 1801 ||| READING scroll labelled MEDIDGH ZUDOUSCH.
  1902 | D:3      | 1902 ||| READING 2 scrolls of identify.
  1902 | D:3      | 1902 ||| IDENTIFYING fuming ruby potion
  1961 | D:4      | Reached skill level 1 in Armour
  2027 | D:4      | Noticed Duvessa
  2031 | D:4      | Noticed Dowan
  2053 | D:4      | Killed Duvessa
  2054 | D:4      | Reached skill level 6 in Ranged Weapons
  2054 | D:4      | Reached XP level 6. HP: 27/51 MP: 6/6
  2071 | D:4      | Killed Dowan
  2308 | D:4      | Noticed Natasha
  2312 | D:4      | Killed Natasha
  2403 | D:4      | Noticed Eustachio
  2427 | D:4      | 2427 ||| Stepping ~*~*~tactically~*~*~ (outnumbered).
  2439 | D:4      | Killed Eustachio
  2440 | D:4      | Reached skill level 7 in Ranged Weapons
  2518 | D:4      | Reached XP level 7. HP: 59/59 MP: 7/7
  2588 | D:4      | Noticed Natasha
  2592 | D:4      | Killed Natasha
  2656 | D:4      | Noticed Natasha
  2665 | D:4      | Killed Natasha
  2776 | D:4      | 2776 ||| UPGRADING to +0 ring mail of poison resistance.
  2786 | D:4      | 2786 ||| DROPPING amulet of magic regeneration.
  2787 | D:4      | 2787 ||| DRINKING 2 lumpy white potions.
  2826 | D:4      | 2826 ||| READING 4 scrolls of identify.
  2826 | D:4      | 2826 ||| IDENTIFYING viscous purple potion
  2827 | D:4      | 2827 ||| READING 3 scrolls of identify.
  2827 | D:4      | 2827 ||| IDENTIFYING lumpy black potion
  2828 | D:4      | 2828 ||| READING 2 scrolls of identify.
  2828 | D:4      | 2828 ||| IDENTIFYING smoky coppery potion
  2829 | D:4      | 2829 ||| DROPPING potion of attraction.
  2830 | D:4      | 2830 ||| DROPPING potion of lignification.
  2850 | D:5      | Entered Level 5 of the Dungeon
  3004 | D:5      | Reached skill level 8 in Ranged Weapons
  3312 | D:5      | Reached XP level 8. HP: 69/69 MP: 8/8
  3509 | D:5      | 3509 ||| DRINKING 2 ruby potions.
  3510 | D:5      | 3510 ||| READING 2 scrolls of identify.
  3510 | D:5      | 3510 ||| IDENTIFYING clear potion
  3558 | D:6      | 3558 ||| DRINKING potion of curing.
  3558 | D:6      | 3558 ||| (to cure confusion)
  3564 | D:6      | Reached skill level 9 in Ranged Weapons
  3669 | D:6      | Reached skill level 3 in Dodging
  3757 | D:6      | 3757 ||| Stepping ~*~*~tactically~*~*~ (outnumbered).
  3759 | D:6      | 3759 ||| Stepping ~*~*~tactically~*~*~ (outnumbered).
  3760 | D:6      | 3760 ||| Stepping ~*~*~tactically~*~*~ (outnumbered).
  3761 | D:6      | 3761 ||| Stepping ~*~*~tactically~*~*~ (outnumbered).
  3764 | D:6      | 3764 ||| Stepping ~*~*~tactically~*~*~ (outnumbered).
  3766 | D:6      | 3766 ||| Stepping ~*~*~tactically~*~*~ (outnumbered).
  3767 | D:6      | 3767 ||| Stepping ~*~*~tactically~*~*~ (outnumbered).
  3775 | D:6      | Reached skill level 6 in Fighting
  3991 | D:6      | 3991 ||| Stepping ~*~*~tactically~*~*~ (outnumbered).
  3993 | D:6      | 3993 ||| Stepping ~*~*~tactically~*~*~ (outnumbered).
  3995 | D:6      | 3995 ||| Stepping ~*~*~tactically~*~*~ (outnumbered).
  4017 | D:6      | HP: 15/70 [gnoll sergeant/+0 trident (8)]
  4018 | D:6      | 4018 ||| READING 5 scrolls of teleportation.
  4019 | D:6      | 4019 ||| DRINKING potion of heal wounds.
  4227 | D:6      | Found a staircase to the Ecumenical Temple.
  4228 | D:6      | 4228 ||| PLANNING TEMPLE
  4236 | Temple   | Entered the Ecumenical Temple
  4237 | Temple   | 4237 ||| PLANNING OKAWARU WORSHIP
  4256 | Temple   | Became a worshipper of Warmaster Okawaru
  4257 | Temple   | 4257 ||| PLANNING D:1-11
  4367 | D:6      | Found a broken altar of Ashenzari.
  4368 | D:6      | Found a stormy altar of Qazlal.
  4373 | D:6      | Found a blossoming altar of Fedhas.
  4374 | D:6      | Found a hide-covered altar of Uskayaw.
  4374 | D:6      | Found a bloodstained altar of Trog.
  4374 | D:6      | Found a sparkling altar of Nemelex Xobeh.
  4374 | D:6      | Found an opulent altar of Gozag.
  4376 | D:6      | Found a glowing silver altar of Zin.
  4377 | D:6      | Found a snail-covered altar of Cheibriados.
  4379 | D:6      | Found an ancient bone altar of Kikubaaqudgha.
  4466 | D:6      | 4466 ||| SWAPPING to +0 shortbow.
  4475 | D:6      | Reached skill level 10 in Ranged Weapons
  4576 | D:6      | 4576 ||| DROPPING +1 sling of draining.
  4585 | D:6      | 4585 ||| SWAPPING to +0 orcbow.
  4613 | D:6      | 4613 ||| DROPPING +0 shortbow.
  4993 | D:6      | Noticed Blork the orc
  4999 | D:6      | Killed Blork the orc
  4999 | D:6      | Reached * piety under Okawaru
  5000 | D:6      | Reached XP level 9. HP: 71/79 MP: 9/9
  5022 | D:6      | Found a hazy altar of Hepliaklqana.
  5023 | D:6      | Found a faded altar of an unknown god.
  5142 | D:6      | 5142 ||| UPGRADING to +0 cloak.
  5147 | D:6      | 5147 ||| READING scroll labelled GINAPNASER.
  5244 | D:7      | Reached skill level 1 in Invocations
  5260 | D:7      | Reached skill level 3 in Armour
  5298 | D:7      | Noticed Pikel
  5299 | D:7      | 5299 ||| INVOKING Heroism.
  5311 | D:7      | Killed Pikel
  5312 | D:7      | Reached skill level 3 in Invocations
  5390 | D:7      | 5390 ||| INVOKING Heroism.
  5411 | D:7      | 5411 ||| FLEEEEING.
  5415 | D:7      | 5415 ||| FLEEEEING.
  5416 | D:7      | 5416 ||| FLEEEEING.
  5417 | D:7      | 5417 ||| FLEEEEING.
  5418 | D:7      | 5418 ||| FLEEEEING.
  5436 | D:7      | 5436 ||| INVOKING Heroism.
  5441 | D:7      | 5441 ||| Stepping ~*~*~tactically~*~*~ (cloud).
  5452 | D:7      | Reached skill level 11 in Ranged Weapons
  5528 | D:7      | Found an ornate altar of the Wu Jian Council.
  5620 | D:7      | 5620 ||| INVOKING Heroism.
  5646 | D:7      | 5646 ||| INVOKING Heroism.
  5653 | D:7      | 5653 ||| Stepping ~*~*~tactically~*~*~ (cloud).
  5813 | D:7      | 5813 ||| INVOKING Heroism.
  5817 | D:7      | Reached skill level 12 in Ranged Weapons
  5840 | D:7      | 5840 ||| INVOKING Heroism.
  6187 | D:7      | 6187 ||| READING scroll labelled BYBU HIUVO.
  6216 | D:8      | Reached XP level 10. HP: 88/88 MP: 12/12
  6236 | D:8      | 6236 ||| INVOKING Heroism.
  6243 | D:8      | HP: 20/82 [wight/+0 great sword (6)]
  6244 | D:8      | 6244 ||| READING 4 scrolls of teleportation.
  6252 | D:8      | 6252 ||| READING 3 scrolls of teleportation.
  6254 | D:8      | HP: 15/83 [bullfrog (2)]
  6471 | D:8      | 6471 ||| INVOKING Heroism.
  6882 | D:8      | 6882 ||| INVOKING Heroism.
  7172 | D:8      | Reached ** piety under Okawaru
  7229 | D:8      | Noticed Prince Ribbit
  7230 | D:8      | 7230 ||| Stepping ~*~*~tactically~*~*~ (outnumbered).
  7244 | D:8      | Killed Prince Ribbit
  7245 | D:8      | Reached skill level 13 in Ranged Weapons
  7246 | D:8      | 7246 ||| FLEEEEING.
  7248 | D:8      | 7248 ||| FLEEEEING.
  7249 | D:8      | 7249 ||| FLEEEEING.
  7250 | D:8      | 7250 ||| FLEEEEING.
  7251 | D:8      | 7251 ||| FLEEEEING.
  7252 | D:8      | 7252 ||| FLEEEEING.
  7444 | D:8      | 7444 ||| INVOKING Heroism.
  7468 | D:8      | 7468 ||| UPGRADING to amulet of faith.
  7473 | D:8      | 7473 ||| DRINKING 2 bubbling clear potions.
  7474 | D:8      | 7474 ||| DROPPING potion of degeneration.
  7588 | D:9      | Found a runed translucent door.
  7676 | D:9      | 7676 ||| INVOKING Heroism.
  7678 | D:9      | 7678 ||| Stepping ~*~*~tactically~*~*~ (outnumbered).
  7688 | D:9      | Reached skill level 9 in Fighting
  7825 | D:9      | 7825 ||| INVOKING Heroism.
  7836 | D:9      | HP: 20/91 [yak (5)]
  7837 | D:9      | 7837 ||| READING 2 scrolls of teleportation.
  7837 | D:9      | Slain by a yak

Levels and vault maps discovered:
D:1:      lightli_iron_boxes, layout_rooms
D:2:      layout_loops_ring, serial_shops, nicolae_shop_tiny_real_fake_doors,
          nicolae_concentric_dashed_squares_mild
D:3:      cheibrodos_fertilizer, layout_basic,
          mainiacjoe_overflow_surrounded_room, nrook_mini_backslash,
          chequers_serial_rivers_micro_e, skrybe_limestone_x
D:4:      layout_basic, uniq_natasha, uniq_duvessa, uniq_eustachio
D:5:      layout_gridville, serial_bayou_pond_c
D:6:      layout_gridville, minitemple, beargit_hepliaklqana_dungeon_heroes,
          lemuel_temple_firewalk_a
D:7:      layout_basic, lemuel_round_altar, chequers_serial_rivers_micro_e,
          kennysheep_generic_room_4, uniq_pikel
D:8:      layout_basic, uniq_prince_ribbit1
D:9:      cheibrodos_histonic, layout_loops_corners, minivault_21,
          bh_circular_ruins
Temple:   hellmonk_temple_rainy

Skill      XL: |  1  2  3  4  5  6  7  8  9 10 |
---------------+-------------------------------+-----
Ranged Weapons | 3 4 5 6 7 8 10 12 13 | 13.6
Fighting       | 2 3 4 5 7 8 9 |  9.0
Armour         | 1 2 3 4 |  4.1
Dodging        | 3 5 |  5.1
Invocations    | 4 |  4.0
Spellcasting   | |  1.0
Hexes          | |  2.0

Action                     |  1- 3 |  4- 6 |  7- 9 | 10-12 || total
---------------------------+-------+-------+-------+-------++-------
   Fire: Sling             |   132 |   164 |   215 |       ||   511
         Orcbow            |       |       |   202 |   235 ||   437
         Shortbow          |       |       |     8 |       ||     8
 Invoke: Heroism           |       |       |     7 |     6 ||    13
    Use: Scroll            |     4 |     4 |     7 |     3 ||    18
         Potion            |       |       |     4 |     1 ||     5
 Armour: Robe              |     8 |       |       |       ||     8
         Leather armour    |    11 |     1 |       |       ||    12
         Acid dragon scale |       |    80 |     2 |       ||    82
         Ring mail         |       |       |    94 |    40 ||   134
  Dodge: Dodged            |    46 |   121 |   124 |   122 ||   413

Table legend:
 A = Non-vault XP
 B = Vault XP
 C = Vault XP percentage of total XP
 D = Non-vault monster count
 E = Vault monster count
 F = Vault count percentage of total count
                 A         B        C        D         E       F
            +---------+---------+-------+---------+---------+-------
      Total |    7093 |    1627 |  18.7 |     199 |      24 |  10.8
            +---------+---------+-------+---------+---------+-------
        D:1 |      55 |       0 |   0.0 |      24 |       0 |   0.0
        D:2 |      20 |       0 |   0.0 |      11 |       0 |   0.0
        D:3 |      29 |     107 |  78.7 |      12 |      16 |  57.1
        D:4 |     185 |     435 |  70.2 |      20 |       4 |  16.7
        D:5 |     656 |       0 |   0.0 |      20 |       0 |   0.0
        D:6 |    1257 |      96 |   7.1 |      28 |       1 |   3.4
        D:7 |    1798 |     706 |  28.2 |      30 |       2 |   6.2
        D:8 |    2068 |     283 |  12.0 |      40 |       1 |   2.4
        D:9 |    1025 |       0 |   0.0 |      14 |       0 |   0.0
            +---------+---------+-------+---------+---------+-------
